 Dungeon Crawl Stone Soup version 0.22.1-5-g62c59d919a (webtiles) character file.

130 Peloso the Skirmisher (level 4, -15/41 HPs)
             Began as a Minotaur Fighter on Jan 13, 2019.
             Was an Initiate of Okawaru.
             Demolished by an ogre
             ... wielding a +0 giant spiked club
              (17 damage)
             ... on level 4 of the Dungeon.
             The game lasted 00:03:44 (1521 turns).

Peloso the Skirmisher (Minotaur Fighter)            Turns: 1521, Time: 00:03:45

Health: -15/41     AC:  9    Str: 21    XL:     4   Next: 89%
Magic:  3/3        EV:  5    Int:  5    God:    Okawaru [......]
Gold:   121        SH:  9    Dex: 10    Spells: 3/3 levels left

rFire    . . .     SeeInvis .   a - +0 long sword
rCold    . . .     Gourm    .   c - +0 shield
rNeg     . . .     Faith    .   n - +0 chain mail
rPois    .         Spirit   .   (helmet restricted)
rElec    .         Reflect  .   (no cloak)
rCorr    .         Harm     .   (no gloves)
MR       .....                  (no boots)
Stlth    ..........             (no amulet)
HPRegen  0.13/turn              (no ring)
MPRegen  0.08/turn              (no ring)

@: no status effects
A: retaliatory headbutt, horns 2
a: Renounce Religion


You were on level 4 of the Dungeon.
You worshipped Okawaru.
Okawaru was noncommittal.
You were not hungry.

You visited 1 branch of the dungeon, and saw 4 of its levels.

You collected 121 gold pieces.

Inventory:

Hand Weapons
 a - a +0 long sword (weapon)
Armour
 b - a +0 scale mail
 c - a +0 shield (worn)
 n - a +0 chain mail (worn)
Wands
 p - a wand of disintegration (16)
 u - a wand of clouds (3)
Scrolls
 g - 3 scrolls of identify {unknown}
 h - 2 scrolls of noise {unknown}
 i - a scroll of amnesia {unknown}
 j - 4 scrolls of fear {unknown}
 m - 4 scrolls of immolation {unknown}
 q - 2 scrolls of remove curse {unknown}
 r - a scroll of enchant weapon {unknown}
 s - a scroll of blinking {unknown}
 t - a scroll of magic mapping {unknown}
 v - 3 scrolls of teleportation {unknown}
 w - a scroll of enchant armour {unknown}
Potions
 d - 2 potions of might
 e - a potion of degeneration {unknown}
 k - 2 potions of flight {unknown}
 l - 5 potions of mutation {unknown}
 o - a potion of curing {unknown}
 x - a potion of resistance {unknown}
Comestibles
 f - 9 rations
 z - 5 chunks of flesh


   Skills:
 + Level 4.7 Fighting
 + Level 4.2 Long Blades
 + Level 4.5 Armour
 + Level 0.3 Dodging
 + Level 4.0 Shields


You had 3 spell levels left.
You didn't know any spells.
Your spell library was empty.

Dungeon Overview and Level Annotations

Branches:
Dungeon (4/15)
 Temple: D:4-7

Altars:
Dithmenos
Gozag
Nemelex Xobeh
Okawaru
Qazlal
Trog
Uskayaw
Vehumet


Innate Abilities, Weirdness & Mutations

You reflexively headbutt those who attack you in melee.
You have a pair of horns on your head.


Message History

You now have 121 gold pieces (gained 10).
An ogre comes into view. It is wielding a giant spiked club.
The ogre shouts!
An ogre is nearby!
An ogre is nearby!
An ogre is nearby!
You barely miss the ogre. The ogre completely misses you.
You completely miss the ogre. Your headbutt misses the ogre.
The ogre hits you with a giant spiked club!!
You hit the ogre.
The ogre is lightly wounded.
The ogre hits you with a giant spiked club!
* * * LOW HITPOINT WARNING * * *
You hit the ogre.
The ogre is lightly wounded.
You block the ogre's attack.
You closely miss the ogre.
The ogre is lightly wounded.
The ogre hits you with a giant spiked club!
You die...

............####
######.###.....#
#)#
#####.#######.
#.# ###.........
# #.#
#....######...#
#. ###...####..#
.. ##.......# .#
##..#####
#####@.#######
#.....O.......
#.......######
#....$....
.$.......###
##.........
##..####### ##.
#


You could see an ogre.

Vanquished Creatures
  An orc wizard (D:4)
  An adder (D:3)
  An ooze (D:3)
  3 worms
  3 dart slugs
  3 leopard geckos
  5 orcs
  2 ball pythons
  5 giant cockroaches
  7 goblins
  6 hobgoblins
  8 jackals
  A quokka (D:2)
  3 bats
  3 frilled lizards
  9 kobolds
  4 rats
65 creatures vanquished.

Notes
Turn   | Place    | Note
-------+----------+-------------------------------------------
     0 | D:1      | Peloso the Minotaur Fighter began the quest for the Orb.
     0 | D:1      | Reached XP level 1. HP: 19/19 MP: 0/0
    98 | D:1      | Reached XP level 2. HP: 27/27 MP: 1/1
   278 | D:1      | Reached XP level 3. HP: 23/33 MP: 2/2
   615 | D:2      | Found an iron altar of Okawaru.
   620 | D:2      | Became a worshipper of Warmaster Okawaru
   664 | D:2      | Found a radiant altar of Vehumet.
   668 | D:2      | Found a hide-covered altar of Uskayaw.
   670 | D:2      | Found a sparkling altar of Nemelex Xobeh.
   677 | D:2      | Found a bloodstained altar of Trog.
   679 | D:2      | Found a stormy altar of Qazlal.
   714 | D:2      | Found an opulent altar of Gozag.
   714 | D:2      | Found a shadowy altar of Dithmenos.
   895 | D:3      | Reached XP level 4. HP: 36/41 MP: 3/3
  1514 | D:4      | Noticed an ogre
  1518 | D:4      | HP: 1/41 [ogre/giant spiked club (16)]
  1521 | D:4      | Demolished by an ogre

Skill      XL: |  1  2  3  4 |
---------------+-------------+-----
Armour         | 4 |  4.5
Fighting       | 4 |  4.7
Long Blades    | 3 4 |  4.2
Shields        | 4 |  4.0
Dodging        | |  0.3

Action                   |  1- 3 |  4- 6 || total
-------------------------+-------+-------++-------
Melee: Long sword        |   103 |    64 ||   167
       Headbutt          |    15 |     8 ||    23
  Eat: Chunk             |       |     2 ||     2
Armor: Scale mail        |    24 |       ||    24
       Chain mail        |    18 |    49 ||    67
Dodge: Dodged            |    23 |    18 ||    41
Block: Shield            |    57 |    40 ||    97
       Rpst.: Long sword |     4 |     5 ||     9
